 Dungeon Crawl Stone Soup version 0.29.1-12-g30fa7ad0bf (webtiles) character file.

Game seed: 15423334348058436948

73 112233 the Firebug (level 4, -3/36 HPs)
             Began as a Naga Fire Elementalist on Dec 21, 2022.
             Slain by Grinder (10 damage)
             ... while paralysed by Grinder
             ... on level 3 of the Dungeon.
             The game lasted 00:02:03 (2009 turns).

112233 the Firebug (Naga Fire Elementalist)         Turns: 2009, Time: 00:02:04

Health: -3/36      AC:  2    Str: 10    XL:     4   Next: 27%
Magic:  1/7        EV:  1    Int: 17    God:
Gold:   179        SH:  0    Dex: 12    Spells: 4/7 levels left

rFire   + . .      SeeInvis +   l - +6 spear of Modesty {distort, rElec rPois}
rCold   x . .      Faith    .   (no shield)
rNeg    . . .      Spirit   .   a - +0 robe
rPois   +          Reflect  .   (no helmet)
rElec   +          Harm     .   (no cloak)
rCorr   .          Rampage  .   (no gloves)
Will    .....                   (no barding)
Stlth   ++........              f - amulet of regeneration
HPRegen 0.92/turn               m - ring of fire
MPRegen 0.10/turn               (no ring)

@: paralysed, very slow
A: AC +1, large, see invisible, deformed body, poison resistance, slowness 2,
spit poison 1, naga tail 1
a: Spit Poison


You were on level 3 of the Dungeon.
You visited 1 branch of the dungeon, and saw 3 of its levels.

You collected 179 gold pieces.

Inventory:

Hand Weapons
 c - a +0 short sword
 g - a +2 dagger of venom
 l - the +6 spear of Modesty (weapon) {distort, rElec rPois}
   (You found it on level 2 of the Dungeon)

   It warps and distorts space around it, and may blink, banish, or inflict
   extra damage upon those it strikes.
   Unwielding it can cause banishment or high damage.
   rElec:     It insulates you from electricity.
   rPois:     It protects you from poison.
Missiles
 d - 2 javelins
 j - 2 curare-tipped darts
Armour
 a - a +0 robe (worn)
Jewellery
 f - an amulet of regeneration (around neck)
 m - a ring of fire (left hand)
Wands
 b - a wand of iceblast (9)
Scrolls
 e - a scroll of blinking {unknown}
 h - 3 scrolls of identify {unknown}
 i - a scroll of teleportation {unknown}
 o - a scroll of poison {unknown}
 p - a scroll of silence {unknown}
Potions
 k - a potion of might
 n - a potion of attraction {unknown}


   Skills:
 - Level 1.5 Dodging
 - Level 3.0 Stealth
 - Level 2.0 Spellcasting
 - Level 1.0 Conjurations
 + Level 5.0 Fire Magic


You had 4 spell levels left.
You knew the following spells:

 Your Spells              Type           Power      Damage    Failure   Level
a - Foxfire               Conj/Fire      68%        2x1d7     5%          1
b - Scorch                Fire           56%        2d7       3%          2

Your spell library contained the following spells:

 Spells                   Type           Power      Damage    Failure   Level
 Conjure Flame            Conj/Fire      17%        6-21      17%         3
 Inner Flame              Hex/Fire       15%        N/A       21%         3
 Gell's Gravitas          Tloc           1%         N/A       50%         3
 Lesser Beckoning         Tloc           1%         N/A       50%         3
 Teleport Other           Tloc           1%         N/A       50%         3
 Flame Wave               Conj/Fire      17%        2d7       50%         4


Dungeon Overview and Level Annotations

Branches:
Dungeon (3/15)

Altars:

Shops:
D:1 (

Annotations:
D:3 Grinder


Innate Abilities, Weirdness & Mutations

Your serpentine skin is tough. (AC +1)
You have supernaturally acute eyesight. (SInv)
Armour fits poorly on your strangely shaped body.
Your system is resistant to poisons. (rPois)
You cover ground very slowly.
You can spit poison.
You have a snake-like lower body.


Message History

Confirm with . or Enter, or press ? or * to list all spells.
You feel a surge of power!
You conjure some foxfire!
The foxfire hits Grinder.
Grinder is lightly wounded.
The foxfire hits Grinder.
Grinder is lightly wounded.
The foxfire hits Grinder.
Grinder is moderately wounded.
Casting: Foxfire (safe; 5% risk of failure)
Confirm with . or Enter, or press ? or * to list all spells.
You feel a surge of power!
Flames lash Grinder.
Grinder is moderately wounded.
Grinder's fire resistance burns away.
Grinder gestures at you.
You struggle to resist.
Aiming: Iceblast
Press: ? - help, Shift-Dir - straight line, f - Grinder
Aim: Grinder (moderately wounded, more vulnerable to fire)
Okay, then.
Grinder attacks as you move away! Grinder hits you!
You writhe in agony.
Grinder is no longer more vulnerable to fire.
Grinder gestures at you. Pain shoots through your body!
Aiming: Iceblast
Press: ? - help, Shift-Dir - straight line The mass of ice explodes!
The iceblast engulfs Grinder!
Grinder partially resists.
Grinder is severely wounded.
Grinder gestures at you.
You suddenly lose the ability to move!
Grinder hits you but does no damage. Grinder hits you!
* * * LOW HITPOINT WARNING * * *
You writhe in agony.
* * * LOW HITPOINT WARNING * * *
Grinder hits you.
* * * LOW HITPOINT WARNING * * *
You writhe in agony.
* * * LOW HITPOINT WARNING * * *
Grinder hits you!
You die...

##########
#........#
#........#
#>.....).#
#...<....#
#........#
####........#
#######.......#####
##.....5@.######
####..###..#.#
##............#
..###.5.[........##
#......#.......###
#..............#
....#..##†.....#
...............#
##............>#


You could see Grinder.

Vanquished Creatures
  Ijyb (D:2)
  2 adders (D:2)
  A worm (D:2)
  5 endoplasms (D:2)
  A giant cockroach (D:2)
  4 hobgoblins (D:2)
  A quokka (D:2)
  2 ball pythons (D:2)
  2 frilled lizards
  A goblin (D:1)
  5 kobolds
  4 rats
29 creatures vanquished.

Vanquished Creatures (collateral kills)
  3 foxfires (D:2)
3 creatures vanquished.

Vanquished Creatures (others)
  8 demonic plants (D:2)
  80 foxfires
  2 fungi (D:2)
  5 plants (D:2)
  A withered plant (D:2)
96 creatures vanquished.

Grand Total: 128 creatures vanquished

Notes
Turn   | Place    | Note
-------+----------+-------------------------------------------
     0 | D:1      | 112233 the Naga Fire Elementalist began the quest for the
                  | Orb.
     0 | D:1      | Reached XP level 1. HP: 15/15 MP: 3/3
   100 | D:1      | Found Faafic's Weapon Boutique.
   576 | D:2      | Identified the +6 spear of Modesty {distort, rElec rPois}
   590 | D:2      | Reached XP level 2. HP: 22/22 MP: 3/5
   842 | D:2      | Reached skill level 4 in Fire Magic
   992 | D:2      | Found a faded altar of an unknown god.
  1004 | D:2      | HP: 1/22 [adder (1)]
  1010 | D:2      | Reached XP level 3. HP: 23/28 MP: 2/6
  1013 | D:2      | Learned a level 2 spell: Scorch
  1631 | D:3      | Noticed Ijyb
  1633 | D:3      | Noticed Grinder
  1643 | D:2      | Killed Ijyb
  1644 | D:2      | Reached skill level 5 in Fire Magic
  1644 | D:2      | Reached XP level 4. HP: 9/36 MP: 4/7
  2005 | D:3      | Paralysed by Grinder for 5 turns
  2009 | D:3      | Slain by Grinder

Illustrated notes

Levels and vault maps discovered:
D:1:      lightli_arrival_statuegarden, layout_basic, serial_shops,
          nicolae_shop_bloodbath_and_beyond
D:2:      layout_basic, shapermc_ecumenical_altar_gd
D:3:      layout_rooms, kennysheep_generic_room_13, uniq_grinder, uniq_ijyb

Skill      XL: |  1  2  3 |
---------------+----------+-----
Fire Magic     | 4 5 |  5.0
Dodging        | |  1.5
Stealth        | |  3.0
Spellcasting   | |  2.0
Conjurations   | |  1.0

Action                   |  1- 3 |  4- 6 || total
-------------------------+-------+-------++-------
Melee: Spear             |     9 |       ||     9
 Cast: Foxfire           |    42 |     8 ||    50
       Scorch            |     2 |     2 ||     4
Evoke: Wand              |       |     1 ||     1
  Use: Potion            |     4 |       ||     4
Armor: Robe              |     2 |     1 ||     3
Dodge: Dodged            |    12 |       ||    12
